 Dungeon Crawl Stone Soup version 0.31.0-4-g52a2dc7128 (console) character file.

Game seed: 17606496673546303313

200 AlterAsc the Changeling (level 5, -3/26 HPs)
             Began as a Spriggan Shapeshifter on Jan 21, 2024.
             Slain by a sleepcap (18 damage)
             ... on level 4 of the Dungeon.
             The game lasted 00:08:52 (3378 turns).

AlterAsc the Changeling (Spriggan Shapeshifter)     Turns: 3378, Time: 00:08:53

Health: -3/26      AC:  4    Str: 14    XL:     5   Next: 49%
Magic:  6/6        EV:  4    Int: 14    God:
Gold:   223        SH:  0    Dex: 17    Spells: 4/4 levels left

rFire   . .          .
                       - Unarmed
rCold   . . .        (no shield)
rNeg    . . .        j - +2 robe of Tyhacuix {Str+4 Int+3}
rPois   .            (helmet currently unavailable)
rElec   .            (cloak currently unavailable)
rCorr   .            (gloves unavailable)
SInv    +            (boots unavailable)
Will    .....        (no amulet)
Stlth   ++           (no ring)
HPRegen 0.24/turn    (no ring)
MPRegen 0.10/turn

%: no passive effects
@: beast-form, sleeping, very quick
A: beast (slay +2), very small, no large weapons, unfitting armour, see
invisible, speed 3
a: Begin Untransformation


You were on level 4 of the Dungeon.
You were a hulking beast.
You visited 1 branch of the dungeon, and saw 4 of its levels.

You collected 223 gold pieces.

Inventory:

Hand Weapons
 k - a +0 dagger
Armour
 a - a +0 animal skin
 j - the +2 robe of Tyhacuix (worn) {Str+4 Int+3}
   (You found it on level 2 of the Dungeon)

   Str+4:     It affects your strength (+4).
   Int+3:     It affects your intelligence (+3).
 m - a +0 cloak
Jewellery
 u - an amulet of faith
Talismans
 c - a beast talisman
 d - a flux talisman
Scrolls
 g - 3 scrolls of identify {unknown}
 h - 2 scrolls of blinking {unknown}
 i - a scroll of silence {unknown}
 l - 2 scrolls of amnesia {unknown}
 n - 3 scrolls of teleportation {unknown}
 p - a scroll of noise {unknown}
 r - 2 scrolls of fog {unknown}
 s - a scroll of revelation {unknown}
 t - a scroll of vulnerability {unknown}
Potions
 b - 2 potions of lignification
 e - 2 potions of heal wounds {unknown}
 f - a potion of ambrosia {unknown}
 o - a potion of cancellation {unknown}
 q - a potion of resistance {unknown}
 v - a potion of mutation {unknown}
 w - a potion of curing {unknown}


   Skills:
 + Level 2.2 Fighting
 + Level 4.5 Dodging
 + Level 3.3 Unarmed Combat
 + Level 5.1 Shapeshifting


You had 4 spell levels left.
You didn't know any spells.
Your spell library contained the following spells:

 Spells                   Type           Power      Damage    Failure   Level
 Shock                    Conj/Air       0%         1d3       28%         1
 Swiftness                Air            0%         N/A       65%         3
 Airstrike                Air            0%         2d(0-16)  96%         4


Dungeon Overview and Level Annotations

Branches:
Dungeon (4/15)
 Temple: D:4-7

Altars:


Innate Abilities, Weirdness & Mutations

You are a hulking beast.
Your limbs bulge with bestial killing power. (Slay +2)
You are very small and have problems with some larger weapons.
You are too small for most types of armour.
You have supernaturally acute eyesight. (SInv)
You cover ground extremely quickly. (Speed+++)


Message History

A dart slug comes into view.
A dart slug comes into view.
You hit the dart slug but do no damage. The dart slug launches a dart at you.
The slug dart misses you.
You hit the dart slug.
The dart slug is heavily wounded.
The dart slug launches a dart at you. The slug dart misses you.
You hit the dart slug.
You kill the dart slug!
No target in view!
Found 9 stones.
You punch the dart slug!
The dart slug is severely wounded.
The dart slug bites you but does no damage.
You hit the dart slug.
You kill the dart slug!
No target in view!
Found 6 stones.
Found a trident.
w - a black potion A sleepcap comes into view.
Press: ? - help, v - describe, . - travel
Here: a sleepcap The floor.
The sleepcap releases spores at you.
You hit the sleepcap.
The sleepcap is moderately damaged.
The sleepcap closely misses you.
You hit the sleepcap.
The sleepcap is moderately damaged.
You hit the sleepcap but do no damage.
The sleepcap is moderately damaged.
The sleepcap releases spores at you!
You are engulfed in a cloud of soporific spores!
You fall asleep.
The sleepcap releases spores at you!!
Ouch! That really hurt!
You die...

###..# #..# #..# #..#
#..# #<)# #... #[#.
#... ############
##.. #..fh......# #..
#.########.########..
#.#.......†.
#.#.######.# #.#.#
#.# #.#)## #.# #...(#
#.# ###..#####.#
#..#.....# #..#.#####
#..#.#


You could see a sleepcap.

Vanquished Creatures
  An iguana (D:4)
  An orc wizard (D:4)
  Robin (D:2)
  4 adders
  A shadow imp (D:4)
  6 dart slugs
  4 ribbon worms
  4 orcs
  5 endoplasms
  A giant cockroach (D:1)
  15 goblins
  7 hobgoblins
  A quokka (D:4)
  4 ball pythons
  6 bats
  3 frilled lizards
  7 kobolds
  3 rats (D:1)
74 creatures vanquished.

Notes
Turn   | Place    | Note
-------+----------+-------------------------------------------
     0 | D:1      | AlterAsc the Spriggan Shapeshifter began the quest for the
                  | Orb.
     0 | D:1      | Reached XP level 1. HP: 9/9 MP: 2/2
    64 | D:1      | Reached skill level 1 in Fighting
   124 | D:1      | Reached XP level 2. HP: 12/14 MP: 3/3
   801 | D:1      | Reached XP level 3. HP: 13/18 MP: 4/4
   883 | D:2      | Identified the +2 robe of Tyhacuix {Str+4 Int+3}
   941 | D:2      | Noticed Robin
   966 | D:2      | Killed Robin
   969 | D:2      | Reached XP level 4. HP: 22/22 MP: 5/5
  1036 | D:2      | You fall into a shaft and drop 2 floors!
  3102 | D:4      | Reached XP level 5. HP: 19/26 MP: 6/6
  3134 | D:4      | Reached skill level 5 in Shapeshifting
  3378 | D:4      | Slain by a sleepcap

Illustrated notes

Levels and vault maps discovered:
D:1:      dpeg_arrival_short_road, layout_loops_ring
D:2:      layout_basic, grunt_decor_resistance, uniq_robin
D:3:      layout_basic
D:4:      kennysheep_six_static_rooms, layout_loops_ring

Skill      XL: |  1  2  3  4  5 |
---------------+----------------+-----
Fighting       | 1 2 |  2.2
Dodging        | 3 4 |  4.5
Unarmed Combat | 3 |  3.3
Shapeshifting  | 5 |  5.1

Action                     |  1- 3 |  4- 6 || total
---------------------------+-------+-------++-------
  Melee: Unarmed           |   117 |   158 ||   275
         Punch             |     3 |     3 ||     6
   Stab: Sleeping          |     2 |     5 ||     7
         Distracted        |       |     1 ||     1
 Armour: Animal skin       |    28 |       ||    28
         Robe              |     7 |    43 ||    50
  Dodge: Dodged            |   108 |    93 ||   201
